Construct Infanterie Kompanie
Construct Panzergrenadier Kompanie
Pak 40 Anti-tank Gun Team
Construct Panzer Kompanie
Selects Mechanized Battlegroup
Selects 8 Rad Armored Car
Selects UNKNOWN (2160084)
Pak 40 Anti-tank Gun Team
Selects Wespe Self-propelled Artillery
Selects Zeroing Artillery Barrage
Construct Luftwaffe Kompanie
Zeroing Artillery Barrage
Pak 40 Anti-tank Gun Team
Wespe Self-propelled Artillery
Zeroing Artillery Barrage